 Dungeon Crawl Stone Soup version 0.18-a0-1311-g779ca93 (webtiles) character file.

1670 Duffy the Grappler (level 8, -5/63 HPs)
             Began as a Green Draconian Monk on Feb 13, 2016.
             Slain by a wyvern (12 damage)
             ... on level 8 of the Dungeon.
             The game lasted 00:07:11 (8135 turns).

Duffy the Grappler (Green Draconian Monk)           Turns: 8135, Time: 00:07:12

Health: -5/63      AC: 10    Str: 16    XL:     8   Next: 70%
Magic:  17/17      EV: 14    Int: 10    God:
Gold:   540        SH:  0    Dex: 14    Spells: 0 memorised, 7 levels left

rFire  . . .     SeeInvis .       - Unarmed
rCold  . . .     Gourm    .     (armour unavailable)
rNeg   . . .     Faith    .     (no shield)
rPois  +         Spirit   .     (helmet restricted)
rElec  .         Dismiss  .     z - +0 cloak (curse)
rCorr  .         Reflect  .     r - +1 pair of gloves
SustAt .         Harm     .     p - +0 pair of boots
MR     .....                    (no amulet)
Stlth  ++........               j - ring of magical power
                                g - +1 ring of evasion

@: not resistant to hostile enchantments, unstealthy
A: breathe noxious fumes, unfitting armour, poison resistance, cold-blooded, AC
+6
a: Breathe Noxious Fumes


You were on level 8 of the Dungeon.
You were not hungry.

You visited 2 branches of the dungeon, and saw 9 of its levels.
You also visited: Ossuary.

You collected 540 gold pieces.


Innate Abilities, Weirdness & Mutations

You can breathe blasts of noxious fumes.
Your lurid green scales are hard (AC +6).
Your body does not fit into most forms of armour.
Your system is resistant to poisons.
You are cold-blooded and may be slowed by cold attacks.


   Skills:
 - Level 3.2 Fighting
 - Level 2.6 Dodging
 - Level 1.7 Stealth
 + Level 11.6 Unarmed Combat


You had 7 spell levels left.
You didn't know any spells.

Inventory:

Missiles
 h - 15 poisoned needles
 J - a throwing net (quivered)
Armour
 d - a +0 pair of gloves
 p - a +0 pair of boots (worn)
 r - a +1 pair of gloves (worn)
 z - a cursed +0 cloak (worn)
Jewellery
 g - a +1 ring of evasion (left hand)
 j - a ring of magical power (right hand)
Wands
 k - a wand of confusion (21/48)
 u - a wand of iceblast (6/15)
 y - a wand of lightning (5/15)
 B - a wand of polymorph (7/24)
 R - a wand of random effects (18/48)
Scrolls
 c - 2 scrolls of recharging {unknown}
 e - a scroll of fear {unknown}
 f - 2 scrolls of enchant armour {unknown}
 q - 5 scrolls of teleportation {unknown}
 s - 3 scrolls of amnesia {unknown}
 v - 2 scrolls of enchant weapon {unknown}
 w - a scroll of identify {unknown}
 D - 3 scrolls of remove curse {unknown}
 E - a scroll of noise {unknown}
 G - a scroll of magic mapping {unknown}
 L - a scroll of immolation {unknown}
 M - a scroll of random uselessness {unknown}
 O - a scroll of fog {unknown}
Potions
 b - 5 potions of degeneration {unknown}
 l - 3 potions of resistance {unknown}
 n - a potion of magic {unknown}
 o - 2 potions of mutation {unknown}
 t - 4 potions of berserk rage {unknown}
 A - 3 potions of curing {unknown}
 F - a potion of ambrosia {unknown}
 H - a potion of heal wounds {unknown}
 K - 3 potions of agility {unknown}
 N - a potion of lignification {unknown}
 P - a potion of haste {unknown}
 Q - 2 potions of flight {unknown}
Books
 I - a book of Summonings
Comestibles
 a - 6 bread rations
 i - 2 meat rations
 m - a fruit
 C - 2 beef jerkies

Dungeon Overview and Level Annotations

Branches:
Dungeon (8/15)             Temple (1/1) D:5
   Lair: D:8-11

Altars:
Ashenzari
Dithmenos
Elyvilon
Gozag
Kikubaaqudgha
Makhleb
Nemelex Xobeh
Pakellas
Qazlal
Ru
Sif Muna
Vehumet
Xom
Yredelemnul
Zin
The Shining One

Shops:
D:7 %

Annotations:
D:4 Prince Ribbit


Message History

You are too injured to fight recklessly!
You are too injured to fight recklessly!
You are too injured to fight recklessly!
You are too injured to fight recklessly!
You are too injured to fight recklessly!
You are too injured to fight recklessly!
You are too injured to fight recklessly!
You are too injured to fight recklessly!
You are too injured to fight recklessly!
You are too injured to fight recklessly!
You are too injured to fight recklessly!
You feel yourself speed up. The giant frog barely misses you.
The wyvern bites you.
The giant frog hits you but does no damage.
The ogre closely misses you.
The sky beast hits you but does no damage.
The wyvern bites you but does no damage.
The giant frog hits you but does no damage.
The sky beast hits you. The sky beast shocks you.
The sky beast flickers out of sight!
Deactivating autopickup; reactivate with Ctrl-A.
The wyvern bites you. The wyvern closely misses you. The wyvern misses you.
You barely miss the wyvern. The wyvern barely misses you.
You completely miss the wyvern.
Your tail-slap misses the wyvern.
The wyvern completely misses you.
The wyvern bites you but does no damage.
A sky beast appears from thin air!
Reactivating autopickup.
You closely miss the wyvern. The wyvern barely misses you.
You hit the wyvern but do no damage. The wyvern bites you!
You hit the wyvern but do no damage. The wyvern misses you.
You barely miss the wyvern. The wyvern bites you!
You die...

##..#..##
#..##..#####..
##..###........
...##......##.
###.##.###..#
#....##...##
#.......#..#
#....##..####.#
..### #..## #@# #
#...###l#####.
#..#O..FYO.....#
#..........######
.........####
...........#
..?.........#
............#
..........#


You could see a wyvern, a sky beast, an ogre and a giant frog.

Action                   |  1- 3 |  4- 6 |  7- 9 || total
-------------------------+-------+-------+-------++-------
Melee: Unarmed           |   127 |   208 |   268 ||   603
 Stab: Sleeping          |     2 |     4 |     2 ||     8
  Eat: Chunk             |     2 |     8 |     9 ||    19
       Fruit             |       |     2 |       ||     2
       Pizza             |       |       |     2 ||     2

Notes
Turn   | Place    | Note
--------------------------------------------------------------
     0 | D:1      | Duffy the Draconian Monk began the quest for the Orb.
     0 | D:1      | Reached XP level 1. HP: 19/19 MP: 1/1
     4 | D:1      | Noticed a tengu
     4 | D:1      | Noticed a merfolk
     6 | D:1      | Noticed a demigod
     6 | D:1      | Noticed a demonspawn
     8 | D:1      | Noticed a vine stalker
    10 | D:1      | Noticed an elf
    10 | D:1      | Noticed a dwarf
    12 | D:1      | Noticed an ogre
    12 | D:1      | Noticed a centaur
    14 | D:1      | Noticed a formicid
    14 | D:1      | Noticed a draconian
    16 | D:1      | Noticed a naga
    16 | D:1      | Noticed a ghoul
    18 | D:1      | Noticed an octopode
    18 | D:1      | Noticed a vampire
    20 | D:1      | Noticed a felid
    20 | D:1      | Noticed a gargoyle
    22 | D:1      | Noticed a troll
    24 | D:1      | Noticed a human
    24 | D:1      | Noticed a minotaur
    26 | D:1      | Noticed a halfling
    26 | D:1      | Noticed a spriggan
   388 | D:1      | Reached XP level 2. HP: 26/26 MP: 2/2
  1011 | D:2      | Noticed Robin
  1057 | D:1      | Reached skill level 5 in Unarmed Combat
  1057 | D:1      | Reached XP level 3. HP: 16/31 MP: 3/3
  1326 | D:2      | Killed Robin
  1433 | D:2      | Found a burning altar of Makhleb.
  1460 | D:2      | Found a stormy altar of Qazlal.
  1543 | D:3      | Reached XP level 4. HP: 23/38 MP: 4/4
  1990 | D:3      | Reached skill level 6 in Unarmed Combat
  2152 | D:4      | Reached XP level 5. HP: 10/45 MP: 5/5
  2480 | D:4      | Noticed an ogre
  2491 | D:4      | Killed an ogre
  2491 | D:4      | Reached skill level 7 in Unarmed Combat
  3130 | D:4      | Reached XP level 6. HP: 47/51 MP: 6/6
  3248 | D:5      | Entered Level 5 of the Dungeon
  3292 | D:5      | Noticed Prince Ribbit
  3407 | D:5      | Found a staircase to the Ecumenical Temple.
  3421 | Temple   | Entered the Ecumenical Temple
  3705 | D:5      | Reached skill level 8 in Unarmed Combat
  4369 | D:6      | Noticed an orc warrior
  4389 | D:6      | Reached XP level 7. HP: 50/57 MP: 7/7
  4389 | D:6      | Gained mutation: Your system is resistant to poisons. [Green Draconian growth]
  4644 | D:5      | Reached skill level 9 in Unarmed Combat
  4801 | D:2      | Found a white marble altar of Elyvilon.
  5029 | D:2      | Noticed Natasha
  5040 | D:2      | Killed Natasha
  6191 | D:5      | Reached skill level 10 in Unarmed Combat
  6315 | D:6      | Reached XP level 8. HP: 54/63 MP: 8/8
  6555 | D:6      | Found a glowing golden altar of the Shining One.
  7003 | D:6      | Found a basalt altar of Yredelemnul.
  7005 | D:6      | Noticed a profane servitor
  7013 | D:6      | Noticed an angel
  7136 | D:7      | Found Arrairasu's Food Emporium.
  7195 | D:7      | Found a radiant altar of Vehumet.
  7248 | D:7      | Found a sand-covered staircase.
  7254 | Ossuary  | Entered an ossuary
  7283 | Ossuary  | Reached skill level 11 in Unarmed Combat
  7776 | D:7      | Found a shimmering altar of Xom.
  7786 | D:7      | Found an oddly glowing altar of Pakellas.
  8135 | D:8      | Slain by a wyvern

Vault maps used:
D:1:      kb_arrival_jail
D:2:      elyvilon_altar_5, lemuel_coloured_pillars_altar, old_standard_altar,
          uniq_robin, uniq_natasha
D:4:      first_bread
D:5:      minmay_temple_entry_mist, kennysheep_decorative_pillar,
          uniq_prince_ribbit1
D:6:      grunt_temple_overflow_holy_war, lemuel_flame_loot_1
D:7:      vehumet_crystals, grunt_pakellas_sulfur, xom_butterflies,
          lightli_ossuary_entry_decrepit_ruins, serial_shops,
          nicolae_shop_crystal, minivault_27, the_bakery
D:8:      lemuel_round_altar, lightli_temple_of_fire, overflow_temple_1_default,
          serial_shops, shop
Temple:   minmay_temple_bridge_a_8
Ossuary:  ossuary_tomb_3

Vanquished Creatures
  A wraith
  An orc warrior
  An ice beast
  A sky beast
  An ogre
  A centaur
  3 giant frogs
  A scorpion
  A crimson imp
  A giant frog zombie
  An orc priest
  A hound
  6 orc wizards
  A centaur skeleton Natasha
  An iguana
  A worker ant
  A killer bee zombie
  A big kobold zombie
  8 mummies Robin
  4 gnolls
  11 adders
  A shadow imp
  An ooze
  An adder zombie
  4 worms
  6 giant geckos
  23 orcs
  3 giant cockroaches
  A gnoll zombie
  16 goblins
  6 hobgoblins
  5 jackals
  6 quokkas
  2 ball pythons
  6 bats
  5 giant newts
  4 hobgoblin zombies
  12 kobolds
  2 kobold zombies
  A quokka skeleton
  2 quokka zombies
  9 rats
166 creatures vanquished.
